 Dungeon Crawl Stone Soup version 0.29.0-5-ge4962eb29e (webtiles) character file.

Game seed: 7782249009314682003

7887 ImASeal the Destroyer (level 11, -7/65 HPs)
             Began as an Octopode Conjurer on Aug 28, 2022.
             Was a Believer of Hepliaklqana.
             Mangled by a cane toad (15 damage)
             ... on level 1 of the Lair of Beasts.
             The game lasted 01:59:16 (10410 turns).

ImASeal the Destroyer (Octopode Conjurer)          Turns: 10410, Time: 01:59:17

Health: -7/65      AC:  3    Str:  6    XL:     11   Next: 22%
Magic:  12/34      EV: 14    Int: 29    God:    Hepliaklqana [**....]
Gold:   565        SH:  0    Dex: 15    Spells: 17/31 levels left

rFire   + . .      SeeInvis .   j - +3 whip
rCold   + . .      Faith    .   (no shield)
rNeg    . . .      Spirit   .   (helmet restricted)
rPois   +          Reflect  .   i - amulet of magic regeneration
rElec   +          Harm     .   r - ring of flight
rCorr   +          Rampage  .   B - ring of poison resistance
Will    +....      Rage     3%  D - +6 ring of dexterity
Stlth   +++++.....              J - ring of magical power
HPRegen 0.20/turn               O - ring of willpower
MPRegen 0.64/turn               (no ring)
                                (no ring)
                                (no ring)

@: resistant, flying
A: reduced essence, almost no armour, amphibious, 8 rings, camouflage 1,
gelatinous body 1, nimble swimmer 1, tentacles, iridescent scales 1, berserk 1,
clever 1, robust 1
a: Renounce Religion, Ancestor Life: Knight, Ancestor Life: Battlemage, Ancestor
Life: Hexer, Recall Ancestor, Ancestor Identity


You were on level 1 of the Lair of Beasts.
You worshipped Hepliaklqana.
Hepliaklqana was pleased with you.
You visited 3 branches of the dungeon, and saw 12 of its levels.
You also visited: Sewer and Ossuary.

You collected 565 gold pieces.

Inventory:

Hand Weapons
 c - a +0 dagger
 j - a +3 whip (weapon)
Armour
 v - the +1 ring mail "Peffiwea" {rF+ Int-5 Stlth+}
   (You found it on level 4 of the Dungeon)

   Int:       It affects your intelligence (-5).
   rF:        It protects you from fire.
   Stlth:     It makes you more stealthy.
 K - the +5 scale mail of the Wilderness {Int+2 Dex+6}
   (You found it on level 8 of the Dungeon)

   Int:       It affects your intelligence (+2).
   Dex:       It affects your dexterity (+6).
Jewellery
 i - an amulet of magic regeneration (around mantle)
 r - a ring of flight (left tentacle)
 w - an amulet of the acrobat
 A - an amulet of faith
 B - a ring of poison resistance (right tentacle)
 D - a +6 ring of dexterity (on tentacle)
 I - a ring of ice
 J - a ring of magical power (on tentacle)
 O - a ring of willpower (on tentacle)
Wands
 C - a wand of flame (19)
 E - a wand of iceblast (15)
 F - a wand of acid (8)
 N - a wand of digging (5)
Scrolls
 f - 3 scrolls of enchant weapon
 g - a scroll of fear {unknown}
 m - a scroll of summoning {unknown}
 o - 4 scrolls of teleportation
 t - 2 scrolls of enchant armour
 u - 2 scrolls of immolation {unknown}
 y - a scroll of poison {unknown}
 L - a scroll of vulnerability {unknown}
 M - a scroll of amnesia {unknown}
Potions
 a - 3 potions of magic
 d - a potion of berserk rage {unknown}
 e - a potion of cancellation
 h - 4 potions of curing
 k - a potion of brilliance {unknown}
 l - 4 potions of degeneration
 p - 2 potions of resistance
 q - 3 potions of mutation
 s - a potion of attraction
 x - 2 potions of flight {unknown}
 z - 2 potions of ambrosia {unknown}
 G - 2 potions of lignification {unknown}
 H - 2 potions of heal wounds {unknown}
Miscellaneous
 b - a piece from Xom's chessboard (15/15)


   Skills:
 + Level 2.5 Fighting
 + Level 3.9 Dodging
 + Level 5.1 Stealth
 + Level 10.5 Spellcasting
 + Level 11.4 Conjurations
 + Level 4.6 Hexes


You had 17 spell levels left.
You knew the following spells:

 Your Spells              Type           Power      Damage    Failure   Level
a - Magic Dart            Conj           100%       1d8       1%          1
b - Searing Ray           Conj           100%       2d8       1%          2
c - Dazzling Flash        Conj/Hex       100%       N/A       1%          3
d - Fulminant Prism       Conj/Hex       29%        3d14      1%          4
e - Sticky Flame          Conj/Fire      48%        2d7       3%          4

Your spell library contained the following spells:

 Spells                   Type           Power      Damage    Failure   Level
 Static Discharge         Conj/Air       48%        3-9/arc   1%          2
 Conjure Flame            Conj/Fire      48%        6-21      1%          3
 Stone Arrow              Conj/Erth      96%        3d13      1%          3
 Tukima's Dance           Hex            41%        N/A       1%          3
 Iskenderun's Mystic Bla  Conj/Tloc      48%        2d11      3%          4
 Frozen Ramparts          Ice            30%        1d5       11%         3
 Ignite Poison            Fire/Tmut/Pois 15%        N/A       11%         3
 Dispel Undead            Necr           15%        3d10      34%         4
 Ice Form                 Ice/Tmut       15%        N/A       34%         4
 Passage of Golubria      Tloc           15%        N/A       34%         4
 Summon Ice Beast         Ice/Summ       15%        N/A       34%         4
 Yara's Violent Unravell  Hex/Tmut       14%        3d7       36%         5
 Lehudib's Crystal Spear  Conj/Erth      24%        10d7      100%        8
 Animate Armour           Summ/Erth      Unusable   N/A       N/A         4

Dungeon Overview and Level Annotations

Branches:
Dungeon (10/15)            Temple (1/1) D:4            Lair (1/5) D:9
  Sewer (visited)         Ossuary (visited)
    Orc: D:9-12

Altars:
Ashenzari
Cheibriados
Dithmenos
Elyvilon
Fedhas
Gozag
Hepliaklqana
Kikubaaqudgha
Makhleb
Nemelex Xobeh
Okawaru
Qazlal
Ru
Sif Muna
Trog
Uskayaw
Vehumet
Wu Jian
Xom
Yredelemnul
Zin
The Shining One

Annotations:
Lair:1 Gastronok, Urug


Innate Abilities, Weirdness & Mutations

Your life essence is reduced to manifest your ancestor. (-10% HP)
You cannot wear most types of armour.
You are amphibious.
You can wear up to eight rings at the same time.
Your skin changes colour to match your surroundings (Stealth+).
Your rubbery body absorbs attacks. (AC +1, EV +1)
You are camouflaged when in or above water. (Stealth+)
You have tentacles for arms and can constrict up to eight enemies at once.
You are partially covered in iridescent scales. (AC +2)
You sometimes lose your temper in combat.
Your mind is acute. (Int +4, Str/Dex -1)
You are robust. (+10% HP)


Message History

Your fulminant prism crackles loudly.
Wilfreda closely misses Erica.
Casting: Magic Dart (safe; 1% risk of failure)
Confirm with . or Enter, or press ? or * to list all spells.
Aiming: Magic Dart (safe; 1% risk of failure)
Press: ? - help, Shift-Dir - straight line, f/p - Erica
Aim: Erica, wielding a +4 scimitar of flaming and wearing a +2 robe of willpower (almost dead, ally target, 100% to hit)
Wilfreda avoids your attack.
The magic dart hits Erica.
You kill Erica!
Your fulminant prism explodes!
Wilfreda avoids your attack.
You hear an angry hiss. x2; You hear a bellow!
You swap places.
Found a leather armour.
A komodo dragon comes into view.
You swap places.
Urug throws a javelin.
The javelin pierces through you!!
* * * LOW HITPOINT WARNING * * *
Casting: Magic Dart (safe; 1% risk of failure)
Confirm with . or Enter, or press ? or * to list all spells.
Aiming: Fulminant Prism (dangerous; 1% risk of failure)
Press: ? - help, Dir - move target You conjure a prism of explosive energy!
A fulminant prism comes into view.
Wilfreda hits the komodo dragon!
You feel better.
A bullfrog comes into view.
Your fulminant prism crackles loudly.
Gastronok the Ponderous comes into view.
The cane toad stings you!
* * * LOW HITPOINT WARNING * * *
Wilfreda hits the komodo dragon.
A cane toad comes into view.
Your fulminant prism explodes!
The blast of energy engulfs Urug!
Urug is lightly wounded.
You hear a bellow!
You hear a loud, deep croak!
You hear a bellow!
It was a potion of resistance.
You feel protected. The cane toad stings you!
You die...

#....# #... #....####
#######...
##....##[#####P#..##...
#....../...............
##..................<..
##≈.....................
##≈~...####.............#
##≈≈~...~##.......######.#
#≈≈≈~..l~@##.....## #.#
~≈≈~~...~F≈#......# #.#
~~≈F~R..~≈≈~.....## #..
.....)F.~≈~~o....# #..
........~≈~#.....## #..
[.......~≈#††.....# #..
........≈###.....## #..
........## #.....# #..
......w.# #.†...# #..


You could see the friendly Wilfreda the ancestor, Urug, a komodo dragon (ally
target), 2 cane toads and a bullfrog.

Vanquished Creatures
  Erica (Lair:1)
  Pikel (D:5)
  A troll (D:9)
  A hornet (D:8)
  Sigmund (D:2)
  A wyvern (Lair:1)
  A shadow (D:9)
  5 yaks (D:9)
  3 water moccasins
  An orc warrior (D:8)
  2 ice beasts (D:7)
  A sky beast (D:6)
  4 centaurs
  A lemure (D:5)
  6 wolves (Lair:1)
  2 phantoms (D:6)
  4 kobold brigands
  2 elf zombies (Ossuary)
  A gnoll sergeant (D:9)
  2 bullfrogs
  2 necrophages (D:7)
  7 wights
  12 killer bees
  A crimson imp (D:4)
  A centaur zombie (Ossuary)
  A human zombie (Ossuary)
  3 hounds (D:6)
  A gnoll bouda (D:6)
  3 orc priests
  6 jellies
  4 iguanas
  2 orc wizards
  A hound zombie (D:3)
  2 mummies (Ossuary)
  9 adders
  2 gnolls (D:6)
  3 river rats (D:3)
  An ufetubus (D:7)
  3 adder zombies
  An adder skeleton (D:3)
  4 worms (D:3)
  3 dart slugs
  19 orcs
  5 bats
  7 endoplasms
  5 giant cockroaches
  6 goblins
  3 hobgoblins
  8 jackals
  21 kobolds
  7 quokkas
  11 ball pythons
  A ball python skeleton (D:3)
  2 ball python zombies (D:3)
  5 frilled lizards
  2 goblin zombies
  12 hobgoblin zombies
  A kobold skeleton (D:4)
  10 kobold zombies
  2 orc skeletons (D:4)
  15 orc zombies
  14 rats
  2 rat zombies (Ossuary)
  A fulminant prism (D:6)
272 creatures vanquished.

Vanquished Creatures (collateral kills)
  A yak (D:9)
  A steam dragon (D:8)
  2 water moccasins (D:9)
  An orc warrior (D:9)
  A wight (D:6)
  A necrophage (D:7)
  A killer bee (D:9)
  An iguana (D:7)
  A gnoll (D:6)
  An orc (D:7)
  A kobold (D:7)
12 creatures vanquished.

Vanquished Creatures (others)
  A cane toad (Lair:1)
  An ancestor (D:9)
  48 fulminant prisms
  A plant (Lair:1)
51 creatures vanquished.

Grand Total: 335 creatures vanquished

Notes
Turn   | Place    | Note
-------+----------+-------------------------------------------
     0 | D:1      | ImASeal the Octopode Conjurer began the quest for the Orb.
     0 | D:1      | Reached XP level 1. HP: 11/11 MP: 3/3
    43 | D:1      | Found a faded altar of an unknown god.
   401 | D:1      | Reached XP level 2. HP: 15/17 MP: 0/5
   795 | D:1      | Reached XP level 3. HP: 21/21 MP: 4/6
  1669 | D:2      | Reached skill level 5 in Conjurations
  1731 | D:2      | Reached XP level 4. HP: 18/27 MP: 2/7
  1930 | D:2      | Noticed Sigmund
  1942 | D:2      | Killed Sigmund
  1943 | D:2      | Reached skill level 6 in Conjurations
  1943 | D:2      | Reached XP level 5. HP: 26/31 MP: 4/9
  2014 | D:2      | Reached XP level 6. HP: 36/36 MP: 8/10
  2379 | D:3      | Learned a level 2 spell: Searing Ray
  2537 | D:3      | Found a glowing drain.
  2545 | Sewer    | Entered a sewer
  2599 | Sewer    | Noticed a water moccasin
  2606 | Sewer    | Killed a water moccasin
  3022 | D:3      | Reached XP level 7. HP: 36/42 MP: 7/12
  3695 | D:4      | Found an ancient bone altar of Kikubaaqudgha.
  3916 | D:4      | Found a glowing golden altar of the Shining One.
  4056 | D:4      | Found a sand-covered staircase.
  4064 | Ossuary  | Entered an ossuary
  4294 | Ossuary  | Reached skill level 7 in Conjurations
  4807 | D:4      | Identified the +1 ring mail "Peffiwea" {rF+ Int-5 Stlth+}
  4908 | D:4      | Reached skill level 5 in Spellcasting
  4910 | D:4      | Reached XP level 8. HP: 47/47 MP: 8/15
  5006 | D:4      | Found a staircase to the Ecumenical Temple.
  5043 | Temple   | Entered the Ecumenical Temple
  5216 | Temple   | Became a worshipper of Hepliaklqana the Forgotten
  5509 | D:5      | Entered Level 5 of the Dungeon
  5653 | D:5      | Gained mutation: You sometimes lose your temper in combat.
                  | [potion of mutation]
  5653 | D:5      | Gained mutation: Your mind is acute. (Int +4, Str/Dex -1)
                  | [potion of mutation]
  5653 | D:5      | Gained mutation: You are partially covered in iridescent
                  | scales. (AC +2) [potion of mutation]
  5653 | D:5      | Gained mutation: You are robust. (+10% HP) [potion of
                  | mutation]
  5772 | D:5      | Noticed Pikel
  5952 | D:5      | Reached skill level 8 in Conjurations
  6438 | D:5      | Killed Pikel
  6439 | D:5      | Reached skill level 1 in Fighting
  6439 | D:5      | Reached skill level 5 in Stealth
  6629 | D:6      | Reached XP level 9. HP: 58/58 MP: 14/19
  6635 | D:6      | Learned a level 3 spell: Dazzling Flash
  6640 | D:6      | Learned a level 4 spell: Fulminant Prism
  6645 | D:6      | Learned a level 4 spell: Sticky Flame
  6756 | D:6      | Reached * piety under Hepliaklqana
  6983 | D:6      | Reached skill level 9 in Conjurations
  7002 | D:6      | Reached skill level 1 in Hexes
  7742 | D:6      | Found a burning altar of Makhleb.
  8422 | D:7      | Reached XP level 10. HP: 33/59 MP: 15/22
  8424 | D:7      | Reached skill level 10 in Conjurations
  8975 | D:8      | Found a broken altar of Ashenzari.
  9084 | D:8      | Reached ** piety under Hepliaklqana
  9093 | D:8      | Identified the +5 scale mail of the Wilderness {Int+2
                  | Dex+6}
  9268 | D:8      | Found a blossoming altar of Fedhas.
  9497 | D:9      | Found a staircase to the Lair.
  9510 | D:10     | Entered Level 10 of the Dungeon
  9853 | D:9      | Reached skill level 10 in Spellcasting
 10132 | D:9      | Reached skill level 11 in Conjurations
 10221 | D:9      | Found a shadowy altar of Dithmenos.
 10290 | Lair:1   | Entered Level 1 of the Lair of Beasts
 10312 | Lair:1   | Noticed a cane toad
 10334 | Lair:1   | Noticed a cane toad
 10363 | Lair:1   | Reached XP level 11. HP: 64/64 MP: 25/25
 10380 | Lair:1   | Noticed Urug
 10386 | Lair:1   | Noticed Erica
 10400 | Lair:1   | Killed Erica
 10408 | Lair:1   | Noticed Gastronok
 10410 | Lair:1   | Mangled by a cane toad

Illustrated notes

Levels and vault maps discovered:
D:1:      dpeg_arrival_rooms_a, layout_basic,
          hellmonk_ecumenical_altar_heavens_door, minmay_misc_feat_iff
D:2:      layout_loops_ring, uniq_sigmund
D:3:      layout_loops_corners, serial_undead, serial_undead_d, serial_undead_b,
          serial_undead_d, serial_undead_d, lightli_sewer_entry_pipes,
          grunt_decor_junction, amcnicky_mini_rare_corridor_liquid,
          minmay_crystal_water, chequers_serial_rivers_marsh
D:4:      layout_basic, nicolae_tso_besieged_by_evil,
          nicolae_kikubaaqudgha_miasma_corner, minmay_temple_entry_large_hall,
          enter_ossuary_1, lemuel_old_faithful
D:5:      layout_basic, uniq_pikel
D:6:      layout_basic, makhleb_heckhound_becter
D:7:      layout_basic
D:8:      layout_cave_pools, mainiacjoe_overflow_catwalk,
          ashenzari_conservatory_becter
D:9:      layout_big_octagon, mainiacjoe_overflow_alcove_4,
          minmay_misc_feat_more_columns, minmay_between
D:10:     layout_grid_maze
Temple:   nicolae_temple_bog_church
Lair:1:   layout_chaotic_city, uniq_erica, uniq_gastronok, uniq_urug

Skill      XL: |  1  2  3  4  5  6  7  8  9 10 11 |
---------------+----------------------------------+-----
Stealth        | 3 4 5 |  5.1
Conjurations   | 5 6 7 8 9 11 | 11.4
Spellcasting   | 3 5 6 8 10 | 10.5
Fighting       | 1 2 |  2.5
Dodging        | 3 |  3.9
Hexes          | 3 4 |  4.6

Action                   |  1- 3 |  4- 6 |  7- 9 | 10-12 || total
-------------------------+-------+-------+-------+-------++-------
Melee: Unarmed           |     5 |       |       |       ||     5
       Dagger            |     7 |       |       |       ||     7
       Constrict         |     4 |       |       |       ||     4
       Tentacles         |     1 |       |       |       ||     1
       Whip              |       |       |       |     1 ||     1
 Cast: Magic Dart        |    67 |   109 |   305 |    80 ||   561
       Searing Ray       |       |     6 |    42 |    30 ||    78
       Fulminant Prism   |       |       |    28 |    21 ||    49
Invok: Ancestor Identity |       |       |       |     1 ||     1
  Use: Scroll            |       |     2 |     2 |     4 ||     8
       Potion            |       |       |     1 |     4 ||     5
Armor: Skin              |     2 |     4 |     3 |     6 ||    15
Dodge: Dodged            |    12 |     9 |    57 |    24 ||   102
